Description

Rogue´s nydus cheese vs Hurricane in IEM.

Replay - Hurricane v Rogue: Game 2 - Neon Violet Square LE

Build Order

Get SALT Encoding   

  16  0:49  Hatchery  
  20  1:49  Overlord  
  20  2:05  Zergling  
  26  2:11  Metabolic Boost  
  32  2:44  Hatchery  
  33  2:55  Overlord  
  36  3:18  Queen  
  44  3:21  Overlord  
  44  3:27  Overlord  
  48  3:49  Spore Crawler, Lair  
  48  3:54  Queen  
  52  4:03  Zergling  
  52  4:09  Extractor x2  
  54  4:13  Queen  
  56  4:20  Zergling  
  56  4:24  Spore Crawler  
  62  4:35  Roach Warren  
  61  4:42  Queen  
  63  4:51  Nydus Network  
  60  5:15  Roach x2  
  85  5:35  Nydus Canal  
Spawning Tool Build Advisor. Get it on Overwolf

Go to:

Details

  • Created by: Schmuuu
  • Published on: Mar 06, 2018
  • Modified on: Mar 06, 2018
  • Patch: 4.0.0
Show
View Real Time Build Order
Export as new Build Order

Comments (0)

There are no comments. Be the first!

Create an account to comment!